 Dungeon Crawl Stone Soup version 0.21.0-3-g78d12a8 (webtiles) character file.

319 Ignatius881 the Magician (level 6, -3/32 HPs)
             Began as a Deep Elf Fire Elementalist on Jan 9, 2018.
             Slain by Gandalfino's ghost (7 damage)
             ... on level 4 of the Dungeon.
             The game lasted 00:33:18 (4987 turns).

Ignatius881 the Magician (DEFE)                     Turns: 4987, Time: 00:33:19

Health: -3/32      AC:  5    Str:  5    XL:     6   Next: 21%
Magic:  6/15       EV: 13    Int: 22    God:
Gold:   151        SH:  0    Dex: 15    Spells: 2/15 levels left

rFire    . . .     SeeInvis .   l - +4 dagger
rCold    . . .     Gourm    .   (no shield)
rNeg     . . .     Faith    .   a - +1 robe
rPois    .         Spirit   .   (no helmet)
rElec    .         Reflect  .   n - +1 cloak
rCorr    .         Harm     .   (no gloves)
MR       .....                  (no boots)
Stlth    ++........             (no amulet)
HPRegen  0.10/turn              (no ring)
MPRegen  0.14/turn              (no ring)

@: no status effects
A: no striking features
a: no special abilities


You were on level 4 of the Dungeon.
You were not hungry.

You visited 1 branch of the dungeon, and saw 4 of its levels.

You collected 151 gold pieces.

Inventory:

Hand Weapons
 l - a +4 dagger (weapon)
   (You took it off a kobold on level 2 of the Dungeon)
 p - a +3 quarterstaff of chaos
   (You took it off Crazy Yiuf on level 2 of the Dungeon)
Missiles
 f - 216 stones (quivered)
Armour
 a - a +1 robe (worn)
 h - a +0 shield
   (You found it on level 1 of the Dungeon)
 m - a +0 chain mail
   (You found it on level 2 of the Dungeon)
 n - a +1 cloak (worn)
   (You took it off Crazy Yiuf on level 2 of the Dungeon)
 r - a +4 plate armour
   (You found it on level 3 of the Dungeon)
Jewellery
 d - an uncursed ring of poison resistance {unknown}
   (You found it on level 2 of the Dungeon)
 q - an uncursed amulet of the gourmand {unknown}
   (You found it on level 3 of the Dungeon)
Scrolls
 o - a scroll of enchant weapon
Potions
 c - a potion of haste {unknown}
 g - 2 potions of brilliance {unknown}
 i - 2 potions of curing {@q1}
 j - 2 potions of might {unknown}
 k - a potion of invisibility
 v - a potion of mutation {unknown}
Books
 b - a book of Flames
 s - a book of Beasts
   (You found it on level 4 of the Dungeon)
Comestibles
 e - 5 rations


   Skills:
 - Level 2.4 Dodging
 - Level 2.4 Stealth
 + Level 5.0 Spellcasting
 * Level 4.9 Conjurations
 + Level 4.7 Fire Magic


You had 2 spell levels left.
You knew the following spells:

 Your Spells              Type           Power        Failure   Level  Hunger
a - Flame Tongue          Conj/Fire      ####.        1%          1    None
b - Throw Flame           Conj/Fire      ####..       1%          2    None
c - Conjure Flame         Conj/Fire      ####....     4%          3    ##.....
d - Inner Flame           Hex/Fire       ###.....     12%         3    ##.....
e - Sticky Flame          Conj/Fire      ####....     14%         4    ####...


Dungeon Overview and Level Annotations

Branches:
Dungeon (4/15)
 Temple: D:4-7

Altars:
Dithmenos
Hepliaklqana
Okawaru
Qazlal
Yredelemnul

Annotations:
D:3 Sigmund
D:4 Duvessa; Gandalfino's ghost, amateur MiGl


Message History

Aim: a bat The flame tongue misses the bat.
The bat closely misses you.
Aim: a bat The flame tongue misses the bat.
The bat closely misses you.
Aim: a bat You miscast Flame Tongue.
You are very lightly contaminated with residual magic.
You feel a strange surge of energy! The bat hits you but does no damage. x2
Aim: a bat The flame tongue hits the bat.
You kill the bat!
You start resting.
Your magical contamination has completely faded away.
Found 15 gold pieces.
You see here 18 arrows.
Found a scroll of enchant weapon.
You now have 137 gold pieces (gained 15).
o - a scroll of enchant weapon
Found a metal-bound book.
s - a book of Beasts You now have 144 gold pieces (gained 7).
Okay, then.
Okay, then.
You now have 151 gold pieces (gained 7).
Gandalfino's ghost (amateur Minotaur Gladiator) comes into view.
Aim: Gandalfino's ghost (hasn't noticed you)
The puff of flame misses Gandalfino's ghost.
Gandalfino's ghost turns its malevolent gaze towards you.
Aim: Gandalfino's ghost The puff of flame hits Gandalfino's ghost.
Aim: Gandalfino's ghost (lightly damaged)
The flame tongue hits Gandalfino's ghost.
Aim: Gandalfino's ghost (lightly damaged)
The flame tongue hits Gandalfino's ghost.
Aim: Gandalfino's ghost (moderately damaged)
The flame tongue hits Gandalfino's ghost.
Gandalfino's ghost hits you.
Aim: Gandalfino's ghost (moderately damaged)
The flame tongue hits Gandalfino's ghost.
Gandalfino's ghost hits you!
Ouch! That really hurt!
* * * LOW HITPOINT WARNING * * *
Aim: Gandalfino's ghost (heavily damaged)
The flame tongue hits Gandalfino's ghost.
Gandalfino's ghost hits you!
* * * LOW HITPOINT WARNING * * *
Aim: Gandalfino's ghost (heavily damaged)
The flame tongue hits Gandalfino's ghost.
Gandalfino's ghost hits you!
You die...

###...####..##.#
*******#...........##.#
,,,..........[.....##.#
***.#.##........#..##.#
*,#,*###.....#......# *,*,*
#...##.#..#..## *,*>*
##............# *>*,*
##.##?.......## *,*,*
#.##.@.<.....# *,*,*
*,*##.W......#
**,*,******,####.......#
**,,,,,,,,.......(#.....#########
,,,,,,,,,,##†....................
,,,,,******#.######.....#########
*,*,** #,,.......#..# *,*,*
***########..# *,*,*
*,,,,,,,,...#**


You could see Gandalfino's ghost.

Vanquished Creatures
  The ghost of dscm the Grave Robber, a weakling GnNe (D:3)
  Crazy Yiuf (D:2)
  2 iguanas
  7 adders
  4 gnolls (D:2)
  2 oozes
  A worm (D:4)
  2 dart slugs
  2 leopard geckos
  3 orcs (D:3)
  9 bats
  5 giant cockroaches
  6 goblins
  7 hobgoblins
  3 jackals (D:1)
  3 quokkas
  11 frilled lizards
  12 kobolds
  10 rats
91 creatures vanquished.

Notes
Turn   | Place    | Note
-------+----------+-------------------------------------------
     0 | D:1      | Ignatius881 the Deep Elf Fire Elementalist began the quest for the Orb.
     0 | D:1      | Reached XP level 1. HP: 10/10 MP: 6/6
   279 | D:1      | Reached XP level 2. HP: 15/15 MP: 6/8
   301 | D:1      | Learned a level 2 spell: Throw Flame
  1021 | D:2      | Reached XP level 3. HP: 19/19 MP: 3/10
  1411 | D:2      | Found an iron altar of Okawaru.
  1685 | D:2      | Reached XP level 4. HP: 24/24 MP: 0/11
  1870 | D:2      | Learned a level 3 spell: Conjure Flame
  1874 | D:2      | Learned a level 3 spell: Inner Flame
  1899 | D:2      | Reached skill level 4 in Spellcasting
  2341 | D:2      | Found a runed door.
  2482 | D:2      | Found a hazy altar of Hepliaklqana.
  2498 | D:2      | Found a basalt altar of Yredelemnul.
  2594 | D:2      | Found a shadowy altar of Dithmenos.
  2748 | D:2      | Noticed Crazy Yiuf
  2752 | D:2      | Killed Crazy Yiuf
  2752 | D:2      | Reached XP level 5. HP: 28/28 MP: 8/13
  2787 | D:3      | Noticed Sigmund
  2842 | D:3      | Found a stormy altar of Qazlal.
  3792 | D:3      | Noticed dscm's ghost (weakling GnNe)
  3825 | D:3      | Killed dscm's ghost
  4410 | D:3      | Reached XP level 6. HP: 32/32 MP: 6/15
  4511 | D:4      | Reached skill level 5 in Spellcasting
  4664 | D:4      | Learned a level 4 spell: Sticky Flame
  4858 | D:4      | Noticed Duvessa
  4979 | D:4      | Noticed Gandalfino's ghost (amateur MiGl)
  4987 | D:4      | Slain by Gandalfino's ghost

Skill      XL: |  1  2  3  4  5  6 |
---------------+-------------------+-----
Conjurations   | 2 3 4 |  4.9
Spellcasting   | 4 5 |  5.0
Fire Magic     | 4 |  4.7
Dodging        | |  2.4
Stealth        | |  2.4

Action                   |  1- 3 |  4- 6 || total
-------------------------+-------+-------++-------
Melee: Dagger            |     2 |       ||     2
Throw: Stone             |    33 |       ||    33
 Cast: Flame Tongue      |    52 |    50 ||   102
       Throw Flame       |    19 |    57 ||    76
       Conjure Flame     |       |     4 ||     4
  Use: Scroll            |     2 |     8 ||    10
  Eat: Chunk             |     3 |     3 ||     6
       Ration            |       |     2 ||     2
Armor: Robe              |     2 |    12 ||    14
Dodge: Dodged            |     9 |    27 ||    36
